 Dungeon Crawl Stone Soup version 0.26.1-11-gd32895ea62 (webtiles) character file.

Game seed: 3036750911217496184

39965 Almogavar the Covert (level 14, -4/108 HPs)
             Began as a Gnoll Wanderer on July 13, 2021.
             Was the Champion of Okawaru.
             Killed by the air
             ... invoked by Gastronok
              (30 damage)
             ... on level 3 of the Lair of Beasts.
             The game lasted 01:32:44 (26578 turns).

Almogavar the Covert (Gnoll Wanderer)              Turns: 26578, Time: 01:32:45

Health: -4/108     AC: 33    Str: 16    XL:     14   Next: 8%
Magic:  26/26      EV: 16    Int: 15    God:    Okawaru [******]
Gold:   1248       SH: 21    Dex: 23    Spells: 30/30 levels left

rFire    + + .     SeeInvis .   Q - +9 rapier of the Scorching Fool {pain, *Rage +Inv rElec rC+++}
rCold    + + +     Faith    +   t - +1 tower shield {AC+3}
rNeg     + . .     Spirit   .   x - +6 chain mail of the Volcano {rPois Will+ Int-3 Dex+3}
rPois    +         Reflect  .   N - +1 helmet
rElec    +         Harm     .   (no cloak)
rCorr    .         Rampage  .   o - +0 pair of gloves
Will     +++..     Rnd*Rage +   E - +0 pair of boots
Stlth    ++++......             q - amulet of Yklasigy {Faith *Contam rF++ Will+ Int+2}
HPRegen  0.28/turn              h - ring of the Octopus King {rN+ AC+1 EV+1 Str+1 Int+1 Dex+1}
MPRegen  0.20/turn              u - +4 ring of protection

@: heroism, studying Stealth
A: distributed training, fangs 1, strong nose
a: Renounce Religion, Evoke Invisibility, Heroism, Finesse


You were on level 3 of the Lair of Beasts.
You worshipped Okawaru.
Okawaru was exalted by your worship.
You visited 3 branches of the dungeon, and saw 16 of its levels.

You collected 1248 gold pieces.

Inventory:

Hand Weapons
 a - a +3 hand crossbow
 A - a +4 whip
 B - a +0 hunting sling
 Q - the +9 rapier of the Scorching Fool (weapon) {pain, *Rage +Inv rElec rC+++}
   (You found it on level 8 of the Dungeon)

   In the hands of one skilled in necromantic magic, it inflicts extra damage on
   living creatures.
   It renders you almost immune to cold.
   It insulates you from electricity.
   It lets you turn invisible.
   It may make you go berserk in combat.
Missiles
 b - 127 bolts
 e - 382 stones (quivered)
 l - 26 poisoned darts
 C - 154 sling bullets
Armour
 o - a +0 pair of gloves (worn)
 t - a +1 tower shield of protection (worn)
 x - the +6 chain mail of the Volcano (worn) {rPois Will+ Int-3 Dex+3}
   (You found it on level 6 of the Dungeon)

   It affects your intelligence (-3).
   It affects your dexterity (+3).
   It protects you from poison.
   It affects your willpower, your defense against some magical effects.
 E - a +0 pair of boots (worn)
 N - a +1 helmet (worn)
Magical Staves
 O - an uncursed staff of death {unknown}
Jewellery
 f - an uncursed ring of positive energy
 h - a ring of the Octopus King (left hand) {rN+ AC+1 EV+1 Str+1 Int+1 Dex+1}
   (You took it off an orc warrior on level 7 of the Dungeon)

   [ring of positive energy]

   It affects your AC (+1).
   It affects your evasion (+1).
   It affects your strength (+1).
   It affects your intelligence (+1).
   It affects your dexterity (+1).
   It protects you from negative energy.
 q - the amulet of Yklasigy (around neck) {Faith *Contam rF++ Will+ Int+2}
   (You acquired it on level 2 of the Lair of Beasts)

   [amulet of faith]

   It allows you to gain divine favour quickly.
   It affects your intelligence (+2).
   It greatly protects you from fire.
   It affects your willpower, your defense against some magical effects.
   It causes magical contamination when unequipped.
 r - an uncursed ring of resist corrosion
 u - a +4 ring of protection (right hand)
 K - an uncursed ring of poison resistance
 T - an uncursed amulet of magic regeneration
Wands
 c - a wand of polymorph (6)
 m - a wand of acid (17)
 v - a wand of digging (6)
 F - a wand of disintegration (12)
Scrolls
 d - 13 scrolls of teleportation
 g - 5 scrolls of amnesia
 i - 7 scrolls of enchant weapon
 j - 9 scrolls of remove curse
 k - a scroll of enchant armour
 s - 5 scrolls of fog
 y - 4 scrolls of summoning
 D - 5 scrolls of magic mapping
 I - 5 scrolls of blinking
 M - 2 scrolls of random uselessness {unknown}
Potions
 n - 2 potions of might
 p - 2 potions of haste
 z - 4 potions of flight
 G - 3 potions of heal wounds
 H - 2 potions of curing
 J - 2 potions of cancellation {unknown}
 S - a potion of invisibility {unknown}
Books
 L - a manual of Stealth
Miscellaneous
 w - a condenser vane
 P - a lightning rod (4/4)


   Skills:
 + Level 9.3(14.3) Fighting
 + Level 8.9(13.9) Short Blades
 + Level 8.9(13.9) Long Blades
 + Level 8.9(13.9) Axes
 + Level 8.9(13.9) Maces & Flails
 + Level 8.9(13.9) Polearms
 + Level 8.9(13.9) Staves
 + Level 8.9(13.9) Slings
 + Level 8.9(13.9) Bows
 + Level 10.9(15.9) Crossbows
 + Level 8.9(13.9) Throwing
 + Level 9.3(14.3) Armour
 + Level 10.0(15.0) Dodging
 + Level 11.4(16.4) Stealth
 + Level 10.0(15.0) Shields
 + Level 8.9(13.9) Unarmed Combat
 + Level 8.9 Spellcasting
 + Level 7.4 Conjurations
 + Level 7.4 Hexes
 + Level 7.4 Summonings
 + Level 7.4 Necromancy
 + Level 7.4 Translocations
 + Level 7.4 Transmutations
 + Level 7.4 Fire Magic
 + Level 7.4 Ice Magic
 + Level 7.4 Air Magic
 + Level 7.4 Earth Magic
 + Level 7.4 Poison Magic
 + Level 9.7 Invocations
 + Level 8.9 Evocations


You had 30 spell levels left.
You didn't know any spells.
Your spell library contained the following spells:

 Spells                   Type           Power        Failure   Level
 Corona                   Hex            32%          16%         1
 Freeze                   Ice            100%         16%         1
 Sandblast                Erth           58%          16%         1
 Shock                    Conj/Air       100%         16%         1
 Sting                    Tmut/Pois      100%         16%         1
 Poisonous Vapours        Pois/Air       58%          22%         2
 Slow                     Hex            29%          22%         2
 Swiftness                Air            29%          22%         2
 Frozen Ramparts          Ice            58%          41%         3
 Ignite Poison            Fire/Tmut/Pois 29%          41%         3
 Inner Flame              Hex/Fire       29%          41%         3
 Mephitic Cloud           Conj/Pois/Air  29%          41%         3
 Ozocubu's Armour         Ice            29%          41%         3
 Portal Projectile        Hex/Tloc       58%          41%         3
 Static Discharge         Conj/Air       29%          41%         3
 Airstrike                Air            14%          83%         4
 Cause Fear               Hex            14%          83%         4
 Hailstorm                Conj/Ice       29%          83%         4
 Ice Form                 Ice/Tmut       29%          83%         4
 Leda's Liquefaction      Hex/Erth       14%          83%         4
 Olgreb's Toxic Radiance  Pois           29%          83%         4
 Summon Ice Beast         Ice/Summ       29%          83%         4
 Lightning Bolt           Conj/Air       14%          99%         5
 Yara's Violent Unravell  Hex/Tmut       14%          99%         5
 Statue Form              Tmut/Erth      19%          100%        6
 Haunt                    Necr/Summ      14%          100%        7
 Borgnjor's Revivificati  Necr           14%          100%        8
 Infestation              Necr           14%          100%        8
 Necromutation            Tmut/Necr      14%          100%        8
 Death's Door             Necr           14%          100%        9


Dungeon Overview and Level Annotations

Branches:
Dungeon (11/15)            Temple (0/1) D:6            Lair (3/6) D:10
  Swamp (0/4) Lair:2       Spider (0/4) Lair:2          Orc (2/2) D:11
    Elf (0/3) Orc:2

Altars:
Cheibriados
Hepliaklqana
Kikubaaqudgha
Makhleb
Okawaru
Qazlal
Sif Muna
Trog
Uskayaw
Vehumet
Wu Jian
Xom
Beogh

Shops:
D:9 =   D:10 *(*=!   Orc:2 [*(:?

Portals:
Trove: D:10 (give +6 demon whip)

Annotations:
Lair:3 Gastronok


Innate Abilities, Weirdness & Mutations

Your experience applies equally to all skills.
You have very sharp teeth.
Your uncanny sense of smell can sniff out nearby items.


Message History

You block the elephant's attack. The elephant closely misses you.
You block the river rat's attack.
You hit the elephant.
The elephant writhes in agony.
The elephant is moderately wounded.
You block the elephant's attack. x2; The river rat closely misses you.
You hit the elephant.
The elephant writhes in agony.
You bite the elephant, but do no damage.
The elephant is heavily wounded.
You impale the elephant!!
The elephant writhes in agony!
You bite the elephant, but do no damage.
The elephant is almost dead.
You block the elephant's attack. x2; The river rat bites you.
* * * LOW HITPOINT WARNING * * *
Unknown command.
You hit the elephant.
The elephant is almost dead.
You block the quokka's attack.
Gastronok waves his eye-stalks in wide circles.
The air twists around and strikes you!!
You die...

######## ### ### ###
P.#.##.###.###.###P#######..#..
..............................
.................Y......>....
...##...........@r...#..##..#
.####...........rY..##...#..# .#
.# #...........b...#...##..# ..
.## #.............w<...r#...# ...
..###................†...r..##..#
.###................##..##<.....#
..###...............#P...#r.....#
.###.......[........#....#..Y#..#
..# #............≈...#..##..#(..P


You could see Gastronok (swift), 2 elephants, a river rat (summoned), a quokka
(summoned) and a bat (summoned).

Vanquished Creatures
  An orc warlord (Orc:1)
  An ettin (D:11)
  4 hydras
  A boulder beetle (Lair:2)
  Erica (Lair:1)
  A dancing weapon (D:8)
  4 two-headed ogres
  3 orc high priests (Orc:2)
  Sonja (Orc:1)
  The ghost of Descartes the Grappler, a novice TrCK of Xom (D:6)
  The ghost of Almogavar the Carver, a novice DsAK of Lugonu (D:8)
  4 orc knights
  5 orc sorcerers
  A cyclops (D:11)
  An ugly thing (D:7)
  4 elephants (Lair:3)
  Maurice (Orc:1)
  3 black mambas
  Psyche (D:10)
  A cane toad (Lair:1)
  2 gargoyles
  2 komodo dragons
  2 rime drakes
  2 jumping spiders (Lair:2)
  2 trolls
  Prince Ribbit (D:9)
  Grinder (D:5)
  4 blink frogs (Lair:2)
  Sigmund (D:5)
  A shadow (D:6)
  A redback (Lair:2)
  A basilisk (Lair:3)
  5 wyverns
  13 yaks (Lair:1)
  4 fire bats (D:8)
  6 wargs
  An acid dragon (D:11)
  2 water moccasins
  A hell hound (D:8)
  4 ice beasts
  30 orc warriors
  A hornet zombie (D:8)
  3 black bears
  A phantom (D:11)
  4 wolves (Lair:2)
  9 ogres
  An eye of draining (D:10)
  A necrophage (D:6)
  6 centaurs
  2 big kobolds (D:7)
  A wyvern zombie (D:10)
  9 bullfrogs
  Blork the orc (D:3)
  3 gnoll sergeants
  A wyvern skeleton (D:10)
  2 scorpions
  8 killer bees
  2 electric eels
  3 vampire bats (Lair:2)
  8 wights
  8 howler monkeys
  2 quasits
  3 bullfrog zombies
  2 centaur zombies
  2 lava snakes (D:8)
  13 hounds
  3 jellies
  28 orc wizards
  A centaur skeleton (D:7)
  23 orc priests
  2 gnoll shamans (D:10)
  2 bullfrog skeletons (D:7)
  Terence (D:3)
  8 worker ants
  7 iguanas
  A hound zombie (D:7)
  A hound skeleton (D:4)
  16 adders
  29 gnolls
  2 shadow imps
  5 white imps
  3 ufetubi
  2 oozes
  An adder zombie (D:4)
  3 adder skeletons
  3 worms
  6 dart slugs
  4 leopard geckos
  59 orcs
  3 ball pythons
  15 bats
  5 giant cockroaches
  7 goblins
  4 hobgoblins
  5 jackals
  5 quokkas
  A frilled lizard (D:2)
  14 kobolds
  2 leopard gecko zombies
  2 quokka skeletons
  2 quokka zombies
  9 rats
506 creatures vanquished.

Vanquished Creatures (others)
  An orc priest (Orc:2)
  2 fire vortices (D:8)
  4 fungi
  7 plants
14 creatures vanquished.

Grand Total: 520 creatures vanquished

Notes
Turn   | Place    | Note
-------+----------+-------------------------------------------
     0 | D:1      | Almogavar the Gnoll Wanderer began the quest for the Orb.
     0 | D:1      | Almogavar set off with the following items: a +2 hand
                  | crossbow, 28 bolts, a +0 ring mail, a scroll of
                  | teleportation
     0 | D:1      | Reached XP level 1. HP: 17/17 MP: 1/1
   116 | D:1      | Reached XP level 2. HP: 23/23 MP: 2/2
   541 | D:1      | Reached XP level 3. HP: 28/28 MP: 3/3
  1213 | D:2      | Reached skill level 1 in Invocations
  1344 | D:2      | Reached skill level 1 in Short Blades
  1344 | D:2      | Reached skill level 1 in Long Blades
  1344 | D:2      | Reached skill level 1 in Axes
  1344 | D:2      | Reached skill level 1 in Maces & Flails
  1344 | D:2      | Reached skill level 1 in Polearms
  1344 | D:2      | Reached skill level 1 in Staves
  1344 | D:2      | Reached skill level 1 in Slings
  1344 | D:2      | Reached skill level 1 in Bows
  1344 | D:2      | Reached skill level 1 in Throwing
  1344 | D:2      | Reached skill level 1 in Unarmed Combat
  1344 | D:2      | Reached skill level 1 in Spellcasting
  1344 | D:2      | Reached skill level 1 in Evocations
  1344 | D:2      | Reached XP level 4. HP: 34/34 MP: 5/5
  1779 | D:2      | Reached skill level 1 in Conjurations
  1779 | D:2      | Reached skill level 1 in Hexes
  1779 | D:2      | Reached skill level 1 in Summonings
  1779 | D:2      | Reached skill level 1 in Necromancy
  1779 | D:2      | Reached skill level 1 in Translocations
  1779 | D:2      | Reached skill level 1 in Transmutations
  1779 | D:2      | Reached skill level 1 in Fire Magic
  1779 | D:2      | Reached skill level 1 in Ice Magic
  1779 | D:2      | Reached skill level 1 in Air Magic
  1779 | D:2      | Reached skill level 1 in Earth Magic
  1779 | D:2      | Reached skill level 1 in Poison Magic
  2324 | D:3      | Noticed Blork the orc
  2328 | D:3      | Killed Blork the orc
  2329 | D:3      | Reached XP level 5. HP: 41/41 MP: 5/7
  2336 | D:3      | Found a shimmering blue altar of Sif Muna.
  2821 | D:3      | Found a faded altar of an unknown god.
  2908 | D:3      | Noticed Terence
  2933 | D:3      | Killed Terence
  2934 | D:3      | Reached XP level 6. HP: 33/47 MP: 8/8
  3157 | D:3      | Reached skill level 3 in Stealth
  3456 | D:4      | Reached skill level 5 in Dodging
  3456 | D:4      | Reached skill level 5 in Shields
  3743 | D:4      | Reached XP level 7. HP: 38/52 MP: 10/10
  4848 | D:5      | Entered Level 5 of the Dungeon
  5167 | D:5      | Noticed Sigmund
  5240 | D:5      | Killed Sigmund
  5241 | D:5      | Reached XP level 8. HP: 48/60 MP: 12/12
  5361 | D:5      | Reached skill level 4 in Stealth
  5916 | D:5      | Noticed Grinder
  5934 | D:5      | Paralysed by Grinder for 4 turns
  5942 | D:5      | Killed Grinder
  6489 | D:5      | Reached XP level 9. HP: 63/66 MP: 14/14
  6569 | D:5      | Found an iron altar of Okawaru.
  6569 | D:5      | Found a bloodstained altar of Trog.
  6591 | D:5      | Found a snail-covered altar of Cheibriados.
  6594 | D:5      | Became a worshipper of Warmaster Okawaru
  6597 | D:5      | Found an ancient bone altar of Kikubaaqudgha.
  6599 | D:5      | Found a stormy altar of Qazlal.
  7019 | D:6      | Found a staircase to the Ecumenical Temple.
  8165 | D:6      | Got a dazzling chain mail
  8404 | D:5      | Reached skill level 5 in Fighting
  8404 | D:5      | Reached skill level 5 in Armour
  8884 | D:6      | Reached * piety under Okawaru
  8885 | D:6      | Reached skill level 5 in Stealth
  9453 | D:6      | Found a runed translucent door.
  9454 | D:6      | Noticed Descartes's ghost (novice TrCK)
  9582 | D:6      | Identified the +6 chain mail of the Volcano {rPois Will+
                  | Int-3 Dex+3} (You found it on level 6 of the Dungeon)
  9878 | D:6      | Killed Descartes's ghost
  9879 | D:6      | Reached skill level 5 in Invocations
 10319 | D:7      | Reached ** piety under Okawaru
 10320 | D:7      | Reached XP level 10. HP: 74/74 MP: 17/17
 10699 | D:7      | Noticed a seven-headed hydra
 10775 | D:7      | Killed a seven-headed hydra
 10776 | D:7      | Reached skill level 5 in Short Blades
 10776 | D:7      | Reached skill level 5 in Long Blades
 10776 | D:7      | Reached skill level 5 in Axes
 10776 | D:7      | Reached skill level 5 in Maces & Flails
 10776 | D:7      | Reached skill level 5 in Polearms
 10776 | D:7      | Reached skill level 5 in Staves
 10776 | D:7      | Reached skill level 5 in Slings
 10776 | D:7      | Reached skill level 5 in Bows
 10776 | D:7      | Reached skill level 5 in Throwing
 10776 | D:7      | Reached skill level 5 in Unarmed Combat
 10776 | D:7      | Reached skill level 5 in Spellcasting
 10776 | D:7      | Reached skill level 5 in Evocations
 11738 | D:7      | Reached skill level 6 in Stealth
 11946 | D:7      | Noticed a cyan ugly thing
 12103 | D:7      | Found a hazy altar of Hepliaklqana.
 12440 | D:7      | Killed a cyan ugly thing
 12643 | D:7      | Noticed a two-headed ogre
 12663 | D:7      | Killed a two-headed ogre
 12663 | D:7      | Reached *** piety under Okawaru
 12780 | D:7      | Found the ring of the Octopus King {rN+ AC+1 EV+1 Str+1
                  | Int+1 Dex+1}
 13240 | D:6      | Reached XP level 11. HP: 41/83 MP: 19/19
 13722 | D:7      | Identified the Guide on the Shifting Mountains
 13823 | D:8      | Reached skill level 7 in Stealth
 13844 | D:8      | Found a burning altar of Makhleb.
 13845 | D:8      | Noticed a green death
 14054 | D:8      | Got a translucent rapier
 14056 | D:8      | Identified the +9 rapier of the Scorching Fool {pain, *Rage
                  | +Inv rElec rC+++} (You found it on level 8 of the Dungeon)
 14209 | D:8      | Reached skill level 5 in Conjurations
 14209 | D:8      | Reached skill level 5 in Hexes
 14209 | D:8      | Reached skill level 5 in Summonings
 14209 | D:8      | Reached skill level 5 in Necromancy
 14209 | D:8      | Reached skill level 5 in Translocations
 14209 | D:8      | Reached skill level 5 in Transmutations
 14209 | D:8      | Reached skill level 5 in Fire Magic
 14209 | D:8      | Reached skill level 5 in Ice Magic
 14209 | D:8      | Reached skill level 5 in Air Magic
 14209 | D:8      | Reached skill level 5 in Earth Magic
 14209 | D:8      | Reached skill level 5 in Poison Magic
 14508 | D:8      | Got a scorched shortbow
 14514 | D:8      | Identified the cursed +1 shortbow of Gravity {flame, rF+
                  | rN+} (You found it on level 8 of the Dungeon)
 14657 | D:8      | Reached **** piety under Okawaru
 14827 | D:8      | Found a runed translucent door.
 14828 | D:8      | Found a shimmering altar of Xom.
 14828 | D:8      | Noticed Almogavar's ghost (novice DsAK)
 14828 | D:8      | Noticed a +2 spear of chaos
 14870 | D:8      | Killed Almogavar's ghost
 14883 | D:8      | Killed a +2 spear of chaos
 15323 | D:9      | Noticed Prince Ribbit
 15328 | D:9      | Killed Prince Ribbit
 15394 | D:9      | Found Caobiesk's Jewellery Boutique.
 15501 | D:9      | Noticed a two-headed ogre
 15511 | D:9      | Killed a two-headed ogre
 15849 | D:10     | Entered Level 10 of the Dungeon
 15857 | D:10     | Reached ***** piety under Okawaru
 15857 | D:10     | Received a gift from Okawaru
 15858 | D:10     | Reached skill level 8 in Stealth
 16359 | D:10     | Found a portal to a secret trove of treasure.
 16853 | D:10     | Found Axoafim's Weapon Shop.
 16940 | D:10     | Noticed Psyche
 16954 | D:10     | Killed Psyche
 17038 | D:10     | Found Heosaose's Jewellery Emporium.
 17055 | D:10     | Found a staircase to the Lair.
 17069 | D:10     | Noticed a two-headed ogre
 17079 | D:10     | Killed a two-headed ogre
 17079 | D:10     | Received a gift from Okawaru
 17080 | D:10     | Reached XP level 12. HP: 91/91 MP: 22/22
 17132 | D:10     | Found Wempat's General Store.
 17147 | D:10     | Found Fuurr's Assorted Antiques.
 17404 | D:10     | Found Durut's Distillery.
 17818 | D:11     | Found a staircase to the Orcish Mines.
 18429 | D:11     | Noticed a two-headed ogre
 18444 | D:11     | Killed a two-headed ogre
 18445 | D:11     | Reached skill level 9 in Stealth
 18843 | D:11     | Received a gift from Okawaru
 19392 | Orc:1    | Entered Level 1 of the Orcish Mines
 19392 | Orc:1    | Noticed an ettin
 19399 | Orc:1    | Noticed Maurice
 19432 | D:11     | Killed an ettin
 19502 | Orc:1    | Killed Maurice
 19604 | Orc:1    | Noticed Sonja
 19624 | Orc:1    | Killed Sonja
 19876 | Orc:1    | Received a gift from Okawaru
 20047 | Orc:1    | Reached skill level 10 in Crossbows
 20118 | Orc:1    | Found a radiant altar of Vehumet.
 20179 | Orc:2    | Entered Level 2 of the Orcish Mines
 20897 | Orc:2    | Noticed an orc warlord
 21006 | Orc:1    | Killed an orc warlord
 21007 | Orc:1    | Reached skill level 10 in Stealth
 21056 | Orc:2    | Reached XP level 13. HP: 98/98 MP: 24/24
 21460 | Orc:2    | Reached ****** piety under Okawaru
 22653 | Orc:2    | Found a staircase to the Elven Halls.
 22787 | Orc:2    | Found Muonkoo's Magic Scroll Shoppe.
 22858 | Orc:2    | Found a roughly hewn altar of Beogh.
 23207 | Orc:2    | Found Wuxust's Antique Armour Shoppe.
 23208 | Orc:2    | Found Ebboqoesch's Antique Weapon Shoppe.
 23210 | Orc:2    | Found Quolag's General Store.
 23210 | Orc:2    | Found Oliruadaq's Book Emporium.
 23518 | Lair:1   | Entered Level 1 of the Lair of Beasts
 23672 | Lair:1   | Noticed Erica
 23686 | Lair:1   | Killed Erica
 23794 | Lair:1   | Received a gift from Okawaru
 24259 | Lair:1   | Received a gift from Okawaru
 24621 | Lair:1   | Received a gift from Okawaru
 24624 | Lair:1   | Got a pair of ichor-stained gloves {god gift}
 24635 | Lair:1   | Identified the -3 pair of gloves "Nayt" {Will- Str+4 Dex+3}
                  | (Okawaru gifted it to you on level 1 of the Lair of Beasts)
 24876 | Lair:2   | Reached skill level 11 in Stealth
 25104 | Lair:2   | Found a hide-covered altar of Uskayaw.
 25165 | Lair:2   | Found an ornate altar of the Wu Jian Council.
 25445 | Lair:2   | Identified a scroll of acquirement
 25446 | Lair:2   | Acquired the amulet of Yklasigy {Faith *Contam rF++ Will+
                  | Int+2}
 25473 | Lair:2   | Found a staircase to the Swamp.
 25881 | Lair:2   | Found a hole to the Spider Nest.
 26256 | Lair:3   | Reached XP level 14. HP: 58/108 MP: 26/26
 26527 | Lair:3   | Noticed Gastronok
 26545 | Lair:3   | Reached skill level 10 in Dodging
 26545 | Lair:3   | Reached skill level 10 in Shields
 26578 | Lair:3   | Killed from afar by Gastronok

Illustrated notes

Levels and vault maps discovered:
D:1:      minmay_arrival_shattered_statue, layout_loops_corners,
          minmay_pentomino_s4
D:2:      layout_basic
D:3:      wad_lake_hut, layout_rooms, tgw_sif, chequers_ecumenical_altar_island,
          uniq_terence
D:4:      mumra_celtic_spiral_tile, layout_basic, grunt_dithmenos_shadows
D:5:      layout_basic, chequers_temple_overflow_minitemple, uniq_blork_the_orc,
          uniq_sigmund, uniq_grinder
D:6:      layout_basic, minmay_temple_entry_arrows, gammafunk_ghost_grave
D:7:      minmay_the_grid_octo_tiled_squarecenter
          [minmay_the_grid_octo_clover_2, minmay_the_grid_octo_77,
          minmay_the_grid_octo_checkerflower, minmay_the_grid_octo_checkered,
          minmay_the_grid_square_5x5_megaprize_open,
          minmay_the_grid_square_5x5_three_small,
          minmay_the_grid_square_5x5_dogpile,
          minmay_the_grid_square_5x5_pentomino_r,
          minmay_the_grid_square_5x5_intrusive_squares], layout_basic,
          nzn_hepliaklqana_mist_gate, minmay_manual_monstrance
D:8:      layout_rooms, makhleb_altar_promises_db, ebering_ghost_xom,
          grunt_ministairs_9, hangedman_incinerator
D:9:      layout_roguey, serial_shops, nicolae_shop_window_shopping,
          lemuel_another_geyser, uniq_prince_ribbit1
D:10:     layout_cave_pools, lair_entry_dummy, serial_gnoll_camp,
          gnoll_camp_mini_shop, gnoll_camp_mini_hut, gnoll_camp_mini_hut,
          gnoll_camp_mini_hut, gnoll_camp_huts_moat,
          nicolae_trove_entry_free_sample, serial_shops, shop,
          kennysheep_little_box, nicolae_shop_window_shopping,
          nicolae_shop_crystal, uniq_psyche
D:11:     layout_layer_cave, orc_0_dummy
Lair:1:   layout_chaotic_city, uniq_erica
Lair:2:   layout_regular_city, swamp_mist_pool, spider_nest_entry_funnel_web,
          roderic_batcave, nzn_masters_of_martial_movement
Lair:3:   layout_long_grid, grunt_forest_large_clearing_hut,
          infiniplex_staircase_pool, lemuel_fruit_fields, uniq_rupert,
          uniq_gastronok
Orc:1:    layout_caves, basic_altar, nicolae_orc_tapped_out, uniq_maurice,
          uniq_sonja
Orc:2:    st_orc_congregation, layout_caves, serial_shops, nicolae_shop_stone,
          lemuel_statue_altar

Skill      XL: |  1  2  3  4  5  6  7  8  9 10 11 12 13 14 |
---------------+-------------------------------------------+-----
Invocations    | 1 2 3 4 5 6 7 8 9 |  9.7
Short Blades   | 1 2 3 4 5 6 7 8 |  8.9
Long Blades    | 1 2 3 4 5 6 7 8 |  8.9
Axes           | 1 2 3 4 5 6 7 8 |  8.9
Maces & Flails | 1 2 3 4 5 6 7 8 |  8.9
Polearms       | 1 2 3 4 5 6 7 8 |  8.9
Staves         | 1 2 3 4 5 6 7 8 |  8.9
Slings         | 1 2 3 4 5 6 7 8 |  8.9
Bows           | 1 2 3 4 5 6 7 8 |  8.9
Throwing       | 1 2 3 4 5 6 7 8 |  8.9
Unarmed Combat | 1 2 3 4 5 6 7 8 |  8.9
Spellcasting   | 1 2 3 4 5 6 7 8 |  8.9
Evocations     | 1 2 3 4 5 6 7 8 |  8.9
Conjurations   | 1 2 3 4 5 6 7 |  7.4
Hexes          | 1 2 3 4 5 6 7 |  7.4
Summonings     | 1 2 3 4 5 6 7 |  7.4
Necromancy     | 1 2 3 4 5 6 7 |  7.4
Translocations | 1 2 3 4 5 6 7 |  7.4
Transmutations | 1 2 3 4 5 6 7 |  7.4
Fire Magic     | 1 2 3 4 5 6 7 |  7.4
Ice Magic      | 1 2 3 4 5 6 7 |  7.4
Air Magic      | 1 2 3 4 5 6 7 |  7.4
Earth Magic    | 1 2 3 4 5 6 7 |  7.4
Poison Magic   | 1 2 3 4 5 6 7 |  7.4
Fighting       | 3 4 5 6 7 8 9 |  9.3
Armour         | 3 4 5 6 7 8 9 |  9.3
Stealth        | 3 4 5 6 8 10 11 | 11.4
Dodging        | 5 6 7 8 9 10 | 10.0
Shields        | 5 6 7 8 9 10 | 10.0
Crossbows      | 7 8 9 10 | 10.9

Action                   |  1- 3 |  4- 6 |  7- 9 | 10-12 | 13-15 || total
-------------------------+-------+-------+-------+-------+-------++-------
Melee: Dagger            |     7 |     8 |       |       |       ||    15
       Bite              |     2 |     4 |    40 |    99 |    80 ||   225
       Whip              |       |    84 |   271 |   270 |    54 ||   679
       Punch             |       |       |     2 |    12 |       ||    14
       Rapier            |       |       |       |   395 |   370 ||   765
       Unarmed           |       |       |       |     5 |       ||     5
 Fire: Hand crossbow     |    53 |    79 |    36 |    28 |     1 ||   197
       Hunting sling     |       |    15 |    41 |   711 |   278 ||  1045
       Shortbow          |       |       |   237 |   159 |       ||   396
Throw: Stone             |       |       |     1 |       |       ||     1
Invok: Heroism           |       |       |       |     4 |     1 ||     5
Evoke: Lightning rod     |       |       |       |     2 |       ||     2
       Wand              |       |       |       |     4 |     1 ||     5
       Condenser vane    |       |       |       |     1 |       ||     1
  Use: Scroll            |     1 |     6 |     8 |    17 |     2 ||    34
       Potion            |       |     1 |     4 |     2 |       ||     7
 Stab: Sleeping          |       |     1 |       |       |       ||     1
       Invisible         |       |       |       |     1 |       ||     1
Armor: Ring mail         |     4 |    30 |    72 |       |       ||   106
       Chain mail        |       |       |    30 |   415 |   210 ||   655
       Skin              |       |       |       |     9 |       ||     9
Dodge: Dodged            |    12 |    79 |   243 |   334 |   101 ||   769
Block: Tower shield      |       |       |       |   447 |   397 ||   844
